 Dungeon Crawl Stone Soup version 0.25-a0-424-g80bd347ae0 (webtiles) character file.

Game seed: 17718717078844626108, levelgen mode: deterministic

408 Kohma the Tainter (level 6, 0/50 HPs)
             Began as a Naga Venom Mage on Jan 23, 2020.
             Was a Follower of Cheibriados.
             Slain by a gnoll
             ... wielding a +0 halberd
              (3 damage)
             ... on level 4 of the Dungeon.
             The game lasted 00:12:47 (3841 turns).

Kohma the Tainter (Naga Venom Mage)                 Turns: 3841, Time: 00:12:47

Health: 0/50       AC: 14    Str: 13    XL:     6   Next: 88%
Magic:  0/12       EV:  9    Int: 19    God:    Cheibriados [*.....]
Gold:   176        SH:  0    Dex: 18    Spells: 7/13 levels left

rFire    . . .     SeeInvis +   s - +2 flail (protect)
rCold    . . .     Gourm    .   (no shield)
rNeg     + . .     Faith    .   t - +5 chain mail {rN+}
rPois    +         Spirit   .   p - +2 helmet
rElec    .         Reflect  .   (no cloak)
rCorr    .         Harm     .   (no gloves)
MR       .....                  (no barding)
Stlth    ..........             (no amulet)
HPRegen  0.16/turn              (no ring)
MPRegen  0.13/turn              (no ring)

@: agile, very slightly contaminated, very slow
A: large, see invisible, deformed body, poison resistance, slowness 2, slow
metabolism 1, spit poison 1, AC +2
a: Spit Poison, Bend Time, Renounce Religion


You were on level 4 of the Dungeon.
You worshipped Cheibriados.
Cheibriados was aware of your devotion.
You were not hungry.

You visited 1 branch of the dungeon, and saw 4 of its levels.

You collected 176 gold pieces.

Inventory:

Hand Weapons
 s - a +2 flail of protection (weapon)
Missiles
 g - 46 poisoned darts (quivered)
 m - 8 boomerangs
Armour
 a - a +0 robe
 p - a +2 helmet (worn)
 t - a +5 chain mail of positive energy (worn)
Wands
 r - a wand of flame (26)
 u - a wand of enslavement (5)
Scrolls
 d - a scroll of enchant armour
 f - a scroll of remove curse
 h - a scroll of fear
 j - a scroll of teleportation
Potions
 l - a potion of mutation
 n - a potion of resistance
 o - a potion of brilliance
 q - a potion of lignification {unknown}
 v - a potion of berserk rage {unknown}
 x - a potion of magic {unknown}
Comestibles
 c - 3 rations


   Skills:
 + Level 0.3 Fighting
 + Level 0.1 Armour
 - Level 1.5 Dodging
 - Level 3.0 Stealth
 - Level 4.1 Spellcasting
 * Level 0.4 Conjurations
 - Level 1.0 Transmutations
 * Level 0.4 Air Magic
 - Level 8.0 Poison Magic
 + Level 0.3 Invocations


You had 7 spell levels left.
You knew the following spells:

 Your Spells              Type           Power        Failure   Level  Hunger
a - Sting                 Tmut/Pois      ###.         63%         1    None
b - Poisonous Vapours     Pois/Air       ###...       80%         2    ##.....
c - Mephitic Cloud        Conj/Pois/Air  ###.....     99%         3    ###....

Your spell library contained the following spells:

 Spells                   Type           Power        Failure   Level  Hunger
 Olgreb's Toxic Radiance  Pois           ####....     88%         4    ####...
 Ignite Poison            Fire/Tmut/Pois ###.....     99%         3    ###....


Dungeon Overview and Level Annotations

Branches:
Dungeon (4/15)
 Temple: D:4-7

Altars:
Cheibriados
Makhleb


Innate Abilities, Weirdness & Mutations

You cannot wear boots.
Your serpentine skin is tough. (AC +2)
You have supernaturally acute eyesight. (SInv)
Armour fits poorly on your strangely shaped body.
Your system is resistant to poisons. (rPois)
You cover ground very slowly.
You have a slow metabolism.
You can spit poison.


Message History

Press: ? - help, Dir - move target cursor, f - gnoll
Aim: a gnoll, wielding a +0 halberd You miscast Poisonous Vapours.
Wisps of poison gas drift from your hands.
The gnoll hits you from afar with a +0 halberd.
* * * LOW HITPOINT WARNING * * *
You feel agile all of a sudden.
You have got your breath back.
The gnoll closely misses you. The gnoll barely misses you.
You see here a +0 club.
Casting: Poisonous Vapours (safe; 80% risk of failure)
Confirm with . or Enter, or press ? or * to list all spells.
Aiming: Sting (safe; 63% risk of failure)
Press: ? - help, Shift-Dir - straight line, f/p - gnoll
Aim: a gnoll, wielding a +0 halberd The sting hits the gnoll!
The gnoll is poisoned.
The gnoll is heavily wounded.
The gnoll hits you with a +0 halberd.
You die...

#### ## ##...#
.#
#..♣..########.#
.......#.....#.#
.....#@###...#
.gs#g# ##..#...#
#.#)# #..#...#
#s..# #..#...#
###.# #..#...#
#.# ##.#...# #.#
#.#...# #.#
#.#...# #.#
#.)...#####


You could see a gnoll.

Vanquished Creatures
  A phantom (D:3)
  A howler monkey (D:4)
  3 orc priests (D:3)
  A gnoll shaman (D:4)
  Terence (D:3)
  A gnoll (D:4)
  6 adders
  A worm (D:2)
  4 dart slugs
  9 orcs
  A bat (D:1)
  A giant cockroach (D:4)
  4 goblins
  6 hobgoblins
  2 jackals (D:3)
  2 quokkas
  A ball python (D:1)
  4 frilled lizards
  6 kobolds
  9 rats
64 creatures vanquished.

Notes
Turn   | Place    | Note
-------+----------+-------------------------------------------
     0 | D:1      | Kohma the Naga Venom Mage began the quest for the Orb.
     0 | D:1      | Reached XP level 1. HP: 15/15 MP: 3/3
   381 | D:1      | Reached XP level 2. HP: 22/22 MP: 5/5
   931 | D:1      | Learned a level 2 spell: Poisonous Vapours
  1157 | D:2      | Reached XP level 3. HP: 23/28 MP: 0/7
  1304 | D:2      | Reached skill level 5 in Poison Magic
  1715 | D:2      | Reached XP level 4. HP: 33/36 MP: 1/8
  1779 | D:2      | Learned a level 3 spell: Mephitic Cloud
  2251 | D:3      | Noticed Terence
  2336 | D:3      | Killed Terence
  2449 | D:3      | Reached XP level 5. HP: 42/42 MP: 3/10
  2609 | D:3      | Found a snail-covered altar of Cheibriados.
  2619 | D:3      | Became a worshipper of Cheibriados the Contemplative
  2668 | D:3      | Noticed a phantom
  2682 | D:3      | Reached skill level 6 in Poison Magic
  2695 | D:3      | Found a burning altar of Makhleb.
  3029 | D:3      | Killed a phantom
  3029 | D:3      | Reached XP level 6. HP: 13/49 MP: 1/12
  3304 | D:3      | Reached skill level 7 in Poison Magic
  3314 | D:3      | Reached * piety under Cheibriados
  3610 | D:4      | Reached skill level 8 in Poison Magic
  3838 | D:4      | HP: 2/50 [gnoll/+0 halberd (6)]
  3841 | D:4      | Slain by a gnoll

Levels and vault maps discovered:
D:1:      lemuel_arrival_broad_hall, layout_loops_ring, serial_bayou_lake_a
D:2:      layout_loops_ring
D:3:      layout_basic, lemuel_doored_altar, grunt_ministairs_2,
          grunt_decor_one_mirror, kennysheep_pointless_box, bloody_makhleb,
          uniq_terence
D:4:      layout_basic, ashenzari_altar_1, lemuel_coloured_pillars_altar,
          dancing_weapons_uskayaw, minmay_misc_feat_tower, kennysheep_nub

Skill      XL: |  1  2  3  4  5  6 |
---------------+-------------------+-----
Poison Magic   | 5 6 8 |  8.0
Spellcasting   | 3 4 |  4.1
Fighting       | |  0.3
Armour         | |  0.1
Dodging        | |  1.5
Stealth        | |  3.0
Conjurations   | |  0.4
Transmutations | |  1.0
Air Magic      | |  0.4
Invocations    | |  0.3

Action                   |  1- 3 |  4- 6 || total
-------------------------+-------+-------++-------
Melee: Unarmed           |     2 |       ||     2
       Club              |     1 |       ||     1
       Mace              |     1 |       ||     1
       Flail             |       |    45 ||    45
Throw: Dart              |    21 |       ||    21
 Cast: Sting             |    49 |    53 ||   102
       Poisonous Vapours |     3 |    19 ||    22
 Abil: Spit Poison       |       |     2 ||     2
  Use: Scroll            |       |    11 ||    11
       Potion            |       |     1 ||     1
 Stab: Sleeping          |       |     1 ||     1
  Eat: Chunk             |     2 |     6 ||     8
Armor: Robe              |       |    10 ||    10
       Chain mail        |       |    11 ||    11
Dodge: Dodged            |    17 |    35 ||    52

Table legend:
 A = Non-vault XP
 B = Vault XP
 C = Vault XP percentage of total XP
 D = Non-vault monster count
 E = Vault monster count
 F = Vault count percentage of total count
                 A         B        C        D         E       F
            +---------+---------+-------+---------+---------+-------
      Total |     542 |      42 |   7.2 |      61 |       3 |   4.7
            +---------+---------+-------+---------+---------+-------
        D:1 |      26 |       0 |   0.0 |      16 |       0 |   0.0
        D:2 |      68 |       0 |   0.0 |      11 |       0 |   0.0
        D:3 |     326 |      42 |  11.4 |      26 |       3 |  10.3
        D:4 |     122 |       0 |   0.0 |       8 |       0 |   0.0
            +---------+---------+-------+---------+---------+-------
